 Dungeon Crawl Stone Soup version 0.29-a0-609-gb56f46d856 (webtiles) character file.

Game seed: 14234089589983077578

26783 CrazyBamboolord the Swashbuckler (level 13, -16/84 HPs)
             Began as a Kobold Fighter on June 16, 2022.
             Was a Believer of Uskayaw.
             Demolished by Rupert
             ... wielding a +4 executioner's axe of freezing
              (26 damage)
             ... on level 4 of the Lair of Beasts.
             The game lasted 00:35:19 (19481 turns).

CrazyBamboolord the Swashbuckler (Kobold Fighter)  Turns: 19481, Time: 00:35:20

Health: -16/84     AC: 16    Str: 14    XL:     13   Next: 60%
Magic:  18/18      EV: 23    Int:  9    God:    Uskayaw [**....]
Gold:   829        SH: 16    Dex: 25    Spells: 12/12 levels left

rFire   . . .      SeeInvis +   a - +4 rapier
rCold   + + +      Faith    .   c - +2 buckler
rNeg    . . .      Spirit   .   P - +4 skin of Zhor {*Englaciate rC+++ SInv}
rPois   .          Reflect  +   o - +0 helmet
rElec   .          Harm     .   Q - +2 cloak
rCorr   .          Rampage  .   u - +2 pair of gloves
Will    .....                   M - +1 pair of boots
Stlth   ++++......              k - amulet of reflection
HPRegen 0.24/turn               g - +6 ring of dexterity
MPRegen 0.16/turn               (no ring)

@: mighty, about to teleport
A: small, no large weapons, nightstalker 3
a: Renounce Religion, Stomp, Line Pass


You were on level 4 of the Lair of Beasts.
You worshipped Uskayaw.
Uskayaw was noncommittal.
You visited 4 branches of the dungeon, and saw 16 of its levels.
You also visited: Ossuary and Bailey.

You collected 1475 gold pieces.
You spent 646 gold pieces at shops.

Inventory:

Hand Weapons
 a - a +4 rapier (weapon)
 b - a +2 antimagic dagger
 O - the +7 scimitar of the Lair of Beasts {venom, *Rage rN+++ Str+6 Int-2}
   (You bought it in a shop on level 8 of the Dungeon)

   It poisons the flesh of those it strikes.
   Str:       It affects your strength (+6).
   Int:       It affects your intelligence (-2).
   rN:        It renders you almost immune to negative energy.
   *Rage:     It berserks you when you make melee attacks (+20% chance).
Missiles
 z - 2 throwing nets (quivered)
Armour
 c - a +2 buckler (worn)
 m - a +4 ring mail
 o - a +0 helmet (worn)
 u - a +2 pair of gloves (worn)
 M - a +1 pair of boots (worn)
 P - the +4 skin of Zhor (worn) {*Englaciate rC+++ SInv}
   (You found it on level 8 of the Dungeon)

   It radiates cold, occasionally slowing all nearby creatures who are not
   resistant to cold.
   rC:        It renders you almost immune to cold.
   SInv:      It lets you see invisible.
 Q - a +2 cloak (worn)
Jewellery
 g - a +6 ring of dexterity (left hand)
 k - an amulet of reflection (around neck)
 L - an amulet of the acrobat
Wands
 e - a wand of flame (3)
 y - a wand of light (15)
 A - a wand of polymorph (6)
 H - a wand of charming (25)
 S - a wand of mindburst (6)
Scrolls
 f - 3 scrolls of noise
 j - 3 scrolls of amnesia
 p - 4 scrolls of fog
 r - 5 scrolls of immolation
 v - 7 scrolls of teleportation
 w - 3 scrolls of poison {unknown}
 x - 2 scrolls of magic mapping
 B - 3 scrolls of vulnerability
 C - a scroll of torment {unknown}
 E - 2 scrolls of silence {unknown}
 J - 6 scrolls of fear
 N - a scroll of summoning {unknown}
 T - 2 scrolls of enchant weapon
 V - a scroll of blinking {unknown}
 W - a scroll of identify
Potions
 d - 2 potions of might
 h - 7 potions of degeneration
 i - a potion of attraction
 l - 7 potions of curing
 n - a potion of magic {unknown}
 q - 3 potions of cancellation
 s - 2 potions of flight
 t - 3 potions of lignification
 D - a potion of resistance {unknown}
 F - a potion of ambrosia {unknown}
 G - 5 potions of brilliance {unknown}
 I - 2 potions of berserk rage {unknown}
 K - a potion of mutation {unknown}
 R - 2 potions of haste
 U - a potion of heal wounds


   Skills:
 * Level 11.1 Fighting
 * Level 15.7 Short Blades
 - Level 5.6 Armour
 * Level 9.2 Dodging
 - Level 3.1 Stealth
 * Level 9.0 Shields
 * Level 7.8 Invocations


You had 12 spell levels left.
You didn't know any spells.
Your spell library contained the following spells:

 Spells                   Type           Power      Damage    Failure   Level
 Beastly Appendage        Tmut           0%         N/A       47%         1
 Magic Dart               Conj           0%         1d3       47%         1
 Poisonous Vapours        Pois/Air       0%         N/A       63%         2
 Searing Ray              Conj           0%         2d4       63%         2
 Wereblood                Tmut           0%         N/A       63%         2
 Frozen Ramparts          Ice            0%         1d2       85%         3
 Gell's Gravitas          Tloc           0%         N/A       85%         3
 Inner Flame              Hex/Fire       0%         N/A       85%         3
 Lesser Beckoning         Tloc           0%         N/A       85%         3
 Spider Form              Tmut/Pois      0%         N/A       85%         3
 Summon Guardian Golem    Hex/Summ       0%         N/A       85%         3
 Teleport Other           Tloc           0%         N/A       85%         3
 Airstrike                Air            0%         N/A       99%         4
 Animate Armour           Summ/Erth      0%         N/A       99%         4
 Cause Fear               Hex            0%         N/A       99%         4
 Corpse Rot               Necr/Pois/Air  0%         N/A       99%         4
 Fulminant Prism          Conj/Hex       0%         3d6       99%         4
 Hailstorm                Conj/Ice       0%         3d3       99%         4
 Ice Form                 Ice/Tmut       0%         N/A       99%         4
 Summon Ice Beast         Ice/Summ       0%         N/A       99%         4
 Summon Lightning Spire   Summ/Air       0%         N/A       99%         4
 Blade Hands              Tmut           0%         N/A       100%        5
 Lightning Bolt           Conj/Air       0%         1d11      100%        5
 Iron Shot                Conj/Erth      0%         9d1       100%        6
 Simulacrum               Ice/Necr       0%         N/A       100%        6
 Orb of Destruction       Conj           0%         9d5       100%        7
 Spellforged Servitor     Conj/Summ      0%         N/A       100%        7
 Discord                  Hex            0%         N/A       100%        8


Dungeon Overview and Level Annotations

Branches:
Dungeon (10/15)            Temple (1/1) D:4            Lair (4/6) D:9
  Swamp (0/4) Lair:2       Spider (0/4) Lair:4          Orc (1/2) D:10
Ossuary (visited)          Bailey (visited)

Altars:
Ashenzari
Cheibriados
Dithmenos
Elyvilon
Fedhas
Gozag
Hepliaklqana
Kikubaaqudgha
Makhleb
Nemelex Xobeh
Okawaru
Qazlal
Ru
Sif Muna
Trog
Uskayaw
Vehumet
Wu Jian
Xom
Yredelemnul
Zin
The Shining One
Beogh

Shops:
D:4 *   D:8 *   D:9 [

Annotations:
Lair:4 Rupert


Innate Abilities, Weirdness & Mutations

You are small and have problems with some larger weapons.
You are completely attuned to the shadows.


Message History

You puncture Rupert!
Rupert is severely wounded.
Rupert misses you.
You can now pass through a line of other dancers.
You hit Rupert.
Rupert is severely wounded.
Rupert roars madly and goes into a rage!
Rupert goes berserk!
You hit Rupert.
Rupert is severely wounded.
You block Rupert's attack.
You closely miss Rupert.
Rupert is severely wounded.
Okay, then.
You feel very mighty all of a sudden. Rupert hits you but does no damage.
Rupert hits you with a +4 executioner's axe of freezing!!
Rupert freezes you.
You completely miss Rupert.
Rupert is severely wounded.
You block Rupert's attack.
You puncture Rupert!
Rupert is severely wounded.
Rupert hits you with a +4 executioner's axe of freezing!!
Rupert freezes you.
You are too injured to fight recklessly!
As you read the scroll of teleportation, it crumbles to dust.
You feel strangely unstable.
Rupert hits you with a +4 executioner's axe of freezing!!
* * * LOW HITPOINT WARNING * * *
Rupert freezes you.
* * * LOW HITPOINT WARNING * * *
As you read the scroll labelled DAWAFR RUAJ, it crumbles to dust.
The scroll dissolves into smoke.
It was a scroll of fog.
You block Rupert's attack. Rupert barely misses you.
Rupert rages.
You hear a bellow! x2
Rupert attacks as you move away! You block Rupert's attack.
Rupert hits you with a +4 executioner's axe of freezing!!
You die...

.......##...##.....[.........#
.............................#
.............†...............##
..................#######.#...#
..................# ####..#
PP....####+.#.....## #P.##
.....## .#.......##.. ##.#
##...### ##.§§..§§... #.#
#.....# .#§§@§§#.#. #.#
#...##.. .§§§@§#.## #.# #...# .
. ##§§§§#.# ##.## #...####.#
#§§§§... ###...#
#...##P#.##..§§§§.#. .##.#..P#
##................... .......##
..................... .......#
............ .......#
............ .......#


You could see Rupert (berserk).

Vanquished Creatures
  Gastronok (Lair:1)
  2 hydras
  A two-headed ogre (D:9)
  An orc high priest (Orc:1)
  A deep elf zephyrmancer (Bailey)
  An orc sorcerer (Orc:1)
  An orc knight (Bailey)
  An oklob plant (Lair:1)
  2 black mambas
  4 cane toads
  8 rime drakes
  3 komodo dragons
  A troll (D:10)
  4 burning bushes (Lair:2)
  A tyrant leech (Lair:2)
  9 blink frogs
  2 dream sheep (D:9)
  5 wyverns
  26 yaks
  3 steam dragons
  2 basilisks
  Eustachio (D:6)
  Menkaure (Ossuary)
  2 swamp worms (Lair:2)
  12 water moccasins
  Duvessa (D:7)
  A black bear (Lair:2)
  12 orc warriors
  A sky beast (D:6)
  4 ogres
  5 wolves (Lair:4)
  5 centaurs
  An elf zombie (Ossuary)
  7 kobold brigands
  A necrophage (D:7)
  17 bullfrogs
  5 scorpions
  3 gnoll sergeants
  4 wights
  Dowan (D:7)
  5 killer bees (D:9)
  3 centaur zombies (Ossuary)
  A howler monkey (D:8)
  4 hounds
  2 jellies
  A gnoll shaman (D:9)
  5 orc priests
  Jessica (D:3)
  3 iguanas
  Natasha (D:3)
  17 orc wizards
  7 hell rats (Lair:2)
  2 ogre zombies (Ossuary)
  6 mummies (Ossuary)
  Robin (D:2)
  24 gnolls
  9 adders
  A white imp (D:5)
  2 ufetubi (D:5)
  4 adder zombies (Ossuary)
  4 worms
  7 dart slugs
  68 orcs
  6 ball pythons
  4 bats
  7 endoplasms
  4 giant cockroaches
  19 goblins
  9 hobgoblins
  3 jackals (D:2)
  26 kobolds
  3 quokkas
  4 frilled lizards
  2 gnoll zombies (Ossuary)
  5 goblin zombies (Ossuary)
  5 hobgoblin zombies (Ossuary)
  3 kobold zombies (Ossuary)
  A quokka zombie (Ossuary)
  4 rats (D:1)
  4 rat zombies (Ossuary)
  A bush (Lair:1)
451 creatures vanquished.

Vanquished Creatures (others)
  2 fungi (Lair:2)
  8 plants
10 creatures vanquished.

Grand Total: 461 creatures vanquished

Notes
Turn   | Place    | Note
-------+----------+-------------------------------------------
     0 | D:1      | CrazyBamboolord the Kobold Fighter began the quest for the
                  | Orb.
     0 | D:1      | Reached XP level 1. HP: 14/14 MP: 1/1
   233 | D:1      | Reached XP level 2. HP: 19/19 MP: 2/2
  1227 | D:2      | Reached skill level 3 in Short Blades
  1237 | D:2      | Reached XP level 3. HP: 18/24 MP: 3/3
  1412 | D:2      | Reached skill level 1 in Dodging
  1552 | D:2      | Noticed Robin
  1589 | D:2      | Reached XP level 4. HP: 24/29 MP: 4/4
  1611 | D:2      | Reached skill level 4 in Short Blades
  1616 | D:2      | Reached skill level 1 in Stealth
  1619 | D:2      | Killed Robin
  2052 | D:2      | Found a faded altar of an unknown god.
  2160 | D:3      | Reached XP level 5. HP: 33/33 MP: 5/5
  2346 | D:3      | Found a large runed translucent door.
  2346 | D:3      | Found a large runed translucent door.
  2410 | D:3      | Noticed Jessica
  2414 | D:3      | Killed Jessica
  2761 | D:3      | Noticed Natasha
  2767 | D:3      | Killed Natasha
  2768 | D:3      | Reached skill level 5 in Short Blades
  3028 | D:4      | Reached XP level 6. HP: 37/38 MP: 6/6
  3221 | D:4      | Noticed an ogre
  3397 | D:4      | Found a staircase to the Ecumenical Temple.
  3407 | Temple   | Entered the Ecumenical Temple
  3637 | D:4      | Noticed a water moccasin
  3652 | D:4      | Found a sacrificial altar of Ru.
  3660 | D:4      | Found a shimmering blue altar of Sif Muna.
  3714 | D:4      | Found Koigim's Assorted Antiques.
  3782 | D:4      | Killed a water moccasin
  3783 | D:4      | Reached skill level 6 in Short Blades
  3783 | D:4      | Reached XP level 7. HP: 31/44 MP: 7/7
  3888 | D:4      | Reached skill level 1 in Invocations
  4360 | D:4      | Found an ancient bone altar of Kikubaaqudgha.
  4499 | D:4      | Bought a scroll labelled GOBERE EBBOGH for 26 gold pieces
  4499 | D:4      | Bought a scroll labelled FUITUCZ VEOL for 26 gold pieces
  4499 | D:4      | Bought a scroll labelled YFEPSU VAGUOSH for 26 gold pieces
  4499 | D:4      | Bought 3 scrolls labelled EHOWEQ ZODOXKE for 78 gold pieces
  5067 | D:5      | Entered Level 5 of the Dungeon
  5143 | D:5      | Reached skill level 7 in Short Blades
  5143 | D:5      | Reached XP level 8. HP: 25/48 MP: 7/9
  6542 | D:5      | Reached skill level 5 in Fighting
  6602 | D:5      | Found an ornate altar of the Wu Jian Council.
  6642 | D:6      | Identified a scroll of acquirement
  6643 | D:6      | Acquired an amulet of reflection
  6666 | D:6      | Reached skill level 8 in Short Blades
  6719 | D:6      | Noticed Eustachio
  6723 | D:6      | Killed Eustachio
  6727 | D:6      | Found a sand-covered staircase.
  6738 | Ossuary  | Entered an ossuary
  6900 | Ossuary  | Noticed Menkaure
  6928 | Ossuary  | Reached XP level 9. HP: 41/54 MP: 10/10
  7022 | Ossuary  | Killed Menkaure
  7023 | Ossuary  | Reached skill level 9 in Short Blades
  7892 | D:6      | Reached skill level 10 in Short Blades
  8977 | D:7      | Noticed Duvessa
  8977 | D:7      | Noticed Dowan
  8988 | D:7      | Killed Duvessa
  8993 | D:7      | Killed Dowan
  9043 | D:6      | Reached XP level 10. HP: 35/61 MP: 12/12
  9353 | D:7      | Reached skill level 11 in Short Blades
  9478 | D:7      | Reached skill level 5 in Armour
  9546 | D:7      | Found a runed translucent door.
 10149 | D:3      | Found a bloodstained altar of Trog.
 10159 | D:3      | Found a broken altar of Ashenzari.
 10316 | D:8      | Noticed a rime drake
 10317 | D:8      | Noticed a rime drake
 10318 | D:8      | Noticed a rime drake
 10318 | D:8      | Noticed a rime drake
 10322 | D:8      | Noticed a rime drake
 10336 | D:8      | Found a sparkling altar of Nemelex Xobeh.
 10365 | D:8      | Reached skill level 5 in Shields
 10686 | D:8      | Found Vakhyukh's Assorted Antiques.
 10713 | D:8      | Bought a jewelled scimitar for 243 gold pieces
 10713 | D:8      | Identified the +7 scimitar of the Lair of Beasts {venom,
                  | *Rage rN+++ Str+6 Int-2} (You bought it in a shop on level
                  | 8 of the Dungeon)
 10740 | D:8      | Found a shimmering altar of Xom.
 10842 | D:8      | Killed a rime drake
 11135 | D:8      | Killed a rime drake
 11139 | D:8      | Killed a rime drake
 11140 | D:8      | Reached skill level 12 in Short Blades
 11212 | D:8      | Killed a rime drake
 11216 | D:8      | Killed a rime drake
 11219 | D:8      | Found the +4 skin of Zhor {*Englaciate rC+++ SInv}
 11536 | D:8      | Identified the +7 dagger of the Barnacled God {chaos,
                  | Dex+3}
 11883 | D:9      | Noticed a two-headed ogre
 11887 | D:9      | Killed a two-headed ogre
 11888 | D:9      | Reached skill level 5 in Invocations
 11888 | D:9      | Reached XP level 11. HP: 67/67 MP: 14/14
 11913 | D:9      | Found a staircase to the Lair.
 11985 | D:9      | Reached skill level 5 in Dodging
 11995 | D:9      | Reached skill level 13 in Short Blades
 12066 | D:9      | Noticed a two-headed hydra
 12070 | D:9      | Killed a two-headed hydra
 12427 | D:9      | Reached skill level 14 in Short Blades
 12725 | D:9      | Found Faylec's Antique Armour Emporium.
 12728 | D:9      | Bought an embroidered cloak for 247 gold pieces
 12928 | D:9      | Found a glowing silver altar of Zin.
 12929 | D:9      | Found a glowing golden altar of the Shining One.
 12930 | D:9      | Found a white marble altar of Elyvilon.
 13303 | D:10     | Entered Level 10 of the Dungeon
 13353 | D:10     | Found a flagged portal.
 13363 | Bailey   | Entered a bailey
 13431 | Bailey   | Noticed a deep elf zephyrmancer
 13433 | Bailey   | Noticed an orc knight
 13434 | Bailey   | Found a large runed translucent door.
 13448 | Bailey   | Killed an orc knight
 13571 | Bailey   | Found a large runed translucent door.
 13766 | Bailey   | Killed a deep elf zephyrmancer
 14093 | D:10     | Reached XP level 12. HP: 73/75 MP: 16/16
 14237 | D:10     | Found a staircase to the Orcish Mines.
 14349 | D:10     | Found a hide-covered altar of Uskayaw.
 14416 | D:10     | Became a worshipper of Uskayaw the Reveller
 14581 | Orc:1    | Entered Level 1 of the Orcish Mines
 14584 | Orc:1    | Reached * piety under Uskayaw
 14589 | Orc:1    | Reached ** piety under Uskayaw
 14761 | Orc:1    | Reached *** piety under Uskayaw
 14768 | Orc:1    | Noticed an orc high priest
 14773 | Orc:1    | Reached **** piety under Uskayaw
 14774 | Orc:1    | Killed an orc high priest
 14774 | Orc:1    | Reached ***** piety under Uskayaw
 15226 | Lair:1   | Entered Level 1 of the Lair of Beasts
 15497 | Lair:1   | Found a shimmering blue altar of Sif Muna.
 15525 | Lair:1   | Noticed Gastronok
 15543 | Lair:1   | Killed Gastronok
 16191 | Lair:2   | Reached skill level 10 in Fighting
 16637 | Lair:2   | Reached XP level 13. HP: 83/83 MP: 18/18
 17005 | Lair:2   | Found a staircase to the Swamp.
 17758 | Lair:3   | Reached skill level 15 in Short Blades
 18131 | Lair:3   | Noticed a five-headed hydra
 18140 | Lair:3   | Killed a five-headed hydra
 19322 | Lair:4   | Found a hole to the Spider Nest.
 19466 | Lair:4   | Noticed Rupert
 19481 | Lair:4   | Demolished by Rupert

Illustrated notes

Levels and vault maps discovered:
D:1:      elethiomel_arrival_infinity_welcomes_careful_drivers,
          layout_loops_cross
D:2:      layout_rooms, shapermc_ecumenical_altar_mp_vishouse, uniq_robin
D:3:      layout_basic, jmf_multi_god_temple2, uniq_natasha, uniq_jessica
D:4:      layout_layer_cave, kiku_gazebo_pond_becter,
          amethyst_overflow_temple_binary, minmay_temple_entry_tees,
          serial_shops, nicolae_shop_overgrown_old_shop, hangedman_glass_teeth
D:5:      layout_loops_ring, nzn_wu_jian_contemplation
D:6:      layout_basic, nicolae_ossuary_entry_plus, uniq_eustachio
D:7:      layout_gridville, lightli_church_of_beogh, uniq_duvessa
D:8:      layout_basic, mainiacjoe_overflow_six_doors_small,
          amcnicky_altar_gilded, serial_shops, nicolae_square_shop,
          hellmonk_guarded_unrand_zhor
D:9:      layout_roguey, good_gods_mini_temple, dpeg_oklobed_lair, serial_shops,
          kennysheep_mini, hangedman_ranch
D:10:     layout_cave_pools, general_overflow_altar, david_orc_3, enter_bailey_3
Temple:   compressed_dpeg_circular_temple
Lair:1:   layout_hall_layers, serial_forest, infiniplex_forest_zigzag_1,
          infiniplex_forest_clump_diagonal, infiniplex_forest_clump_long,
          infiniplex_forest_end_double, infiniplex_forest_lined_4_way,
          infiniplex_forest_lined_4_way, lemuel_oklob_altar, uniq_gastronok
Lair:2:   layout_regular_city, minmay_swamp_entry_worms, evilmike_ambush
          [evilmike_ambush_outer_basic, evilmike_ambush_inner_basic]
Lair:3:   layout_cave_pods, minmay_lindwurm_lava
Lair:4:   layout_regular_city, nicolae_spider_entry_non_spiders, uniq_rupert
Orc:1:    layout_caves

Skill      XL: |  1  2  3  4  5  6  7  8  9 10 11 12 13 |
---------------+----------------------------------------+-----
Short Blades   | 3 4 5 6 7 8 10 12 14 15 | 15.7
Dodging        | 1 2 3 4 6 7 9 |  9.2
Fighting       | 4 5 6 7 8 10 11 | 11.1
Stealth        | 1 2 3 |  3.1
Armour         | 3 4 5 |  5.6
Shields        | 3 4 5 6 8 9 |  9.0
Invocations    | 1 2 3 5 6 7 |  7.8

Action                   |  1- 3 |  4- 6 |  7- 9 | 10-12 | 13-15 || total
-------------------------+-------+-------+-------+-------+-------++-------
Melee: Rapier            |    90 |   151 |   369 |   493 |   212 ||  1315
       Scimitar          |       |       |       |   144 |       ||   144
Throw: Throwing net      |       |       |       |       |     3 ||     3
Invok: Stomp             |       |       |       |     2 |       ||     2
Evoke: Wand              |       |       |       |       |     2 ||     2
  Use: Scroll            |       |     5 |     9 |     8 |     6 ||    28
       Potion            |       |       |     1 |     9 |     2 ||    12
 Stab: Sleeping          |     4 |     9 |    31 |    30 |    19 ||    93
       Distracted        |       |       |     1 |     3 |       ||     4
       Paralysed         |       |       |       |    11 |    27 ||    38
Armor: Scale mail        |    18 |       |       |       |       ||    18
       Ring mail         |     8 |    35 |    73 |    17 |       ||   133
       Animal skin       |       |       |       |    43 |    17 ||    60
       Leather armour    |       |       |       |     1 |       ||     1
Dodge: Dodged            |    46 |   126 |   121 |   185 |    70 ||   548
Block: Buckler           |    19 |    52 |   127 |   330 |    98 ||   626
       Reflection        |       |       |     1 |    14 |       ||    15

Table legend: (Time is in decaauts)
 A = Elapsed time spent in this place.
 B = Non-inter-level travel time spent in this place.
 C = Inter-level travel time spent in this place.
 D = Time resting spent in this place.
 E = Time spent auto-exploring this place.
 F = Levels seen in this place.
 G = Mean time per level.
                   A        B        C        D        E       F      G
               +--------+--------+--------+--------+--------+-----+--------+
         Total |  19308 |  17727 |   1581 |   2183 |  12397 |  18 | 1072.7 |
       Dungeon |  13540 |  12144 |   1396 |   1605 |   8503 |  10 | 1354.0 |
        Temple |    144 |    144 |      0 |      0 |    121 |   1 |  144.0 |
          Lair |   3902 |   3726 |    176 |     19 |   3232 |   4 |  975.5 |
  Orcish Mines |    483 |    475 |      8 |    220 |    158 |   1 |  483.0 |
       Ossuary |    736 |    736 |      0 |    199 |    171 |   1 |  736.0 |
        Bailey |    501 |    501 |      0 |    139 |    212 |   1 |  501.0 |
               +--------+--------+--------+--------+--------+-----+--------+

Top non-repeatable levels by time:
     D:4: 2490 daAuts
     D:6: 1613 daAuts
     D:5: 1467 daAuts
     D:8: 1445 daAuts
  Lair:2: 1346 daAuts
     D:9: 1285 daAuts
     D:1: 1227 daAuts
     D:7: 1069 daAuts
     D:3: 1047 daAuts
    D:10: 964 daAuts
     D:2: 930 daAuts
  Lair:3: 917 daAuts
  Lair:1: 898 daAuts
  Lair:4: 740 daAuts
 Ossuary: 736 daAuts
